 Dungeon Crawl Stone Soup version 0.19.5 (webtiles) character file.

41 Hybris the Poker (level 3, -2/31 HPs)
             Began as a Hill Orc Abyssal Knight on Apr 2, 2017.
             Was a Follower of Lugonu.
             Slain by Natasha (7 damage)
             ... on level 2 of the Dungeon.
             The game lasted 00:03:07 (1440 turns).

Hybris the Poker (Hill Orc Abyssal Knight)          Turns: 1440, Time: 00:03:09

Health: -2/31      AC:  4    Str: 13 (15) XL:     3   Next: 52%
Magic:  4/4        EV: 11    Int: 11 (12) God:    Lugonu [*.....]
Gold:   78         SH:  0    Dex:  7 (10) Spells: 0 memorised, 2 levels left

rFire  . . .     SeeInvis .     a - +1 spear
rCold  . . .     Gourm    .     b - +0 leather armour
rNeg   . . .     Faith    .     (no shield)
rPois  .         Spirit   .     (no helmet)
rElec  .         Reflect  .     m - +0 cloak
rCorr  .         Harm     +     (no gloves)
MR     .....                    (no boots)
Stlth  +.........               i - amulet of harm
                                (no ring)
                                (no ring)

@: no status effects
A: no striking features
a: Depart the Abyss, Renounce Religion


You were on level 2 of the Dungeon.
You worshipped Lugonu.
Lugonu was aware of your devotion.
You were not hungry.

You visited 1 branch of the dungeon, and saw 2 of its levels.
You visited the Abyss 1 time.

You collected 78 gold pieces.

Inventory:

Hand Weapons
 a - a +1 spear (weapon)
Armour
 b - a +0 leather armour (worn)
 m - a +0 cloak (worn)
Jewellery
 i - an amulet of harm (around neck)
Scrolls
 d - 3 scrolls of amnesia {unknown}
 e - 2 scrolls of identify {unknown}
 n - a scroll of blinking {unknown}
 o - a scroll of noise {unknown}
 p - a scroll of remove curse {unknown}
Potions
 f - 2 potions of degeneration
 g - 2 potions of berserk rage {unknown}
 h - a potion of might {unknown}
 l - a potion of heal wounds {unknown}
 q - 2 potions of cancellation {unknown}
Comestibles
 c - a bread ration
 j - a meat ration
 k - 2 chunks of flesh


   Skills:
 - Level 3.6 Fighting
 * Level 4.1 Polearms
 - Level 2.1 Armour
 - Level 0.7 Dodging
 - Level 2.4 Invocations


You had 2 spell levels left.
You didn't know any spells.

Dungeon Overview and Level Annotations

Branches:
Dungeon (2/15)

Altars:

Annotations:
D:2 Natasha


Message History

You feel disoriented.
You closely miss Natasha.
Natasha mumbles some strange words.
You hit Natasha.
Natasha is moderately wounded.
Natasha claws you!
You hit Natasha.
Natasha is heavily wounded.
The white imp hits you. The white imp freezes you.
* * * LOW HITPOINT WARNING * * *
Natasha wildly gestures.
Natasha shimmers violently.
Natasha closely misses you.
It was a potion of degeneration.
There was something very wrong with that liquid.
You feel weakened.
You feel dopey.
You feel clumsy. The crimson imp hits you.
* * * LOW HITPOINT WARNING * * *
The white imp closely misses you. Natasha claws you.
You die...

.........#...⌠..#####
........>...........#
.........#...#......#
##########...#......#
...........#......#
#########..#......#
##........#
#..5.....# #..@h....#
#...5......
#.#........
#.#........
#.#...##### #.#...#
#.##..# ...


You could see Natasha, a crimson imp and a white imp.

Vanquished Creatures
  An ooze (D:2)
  A worm (D:2)
  A dart slug (D:1)
  A leopard gecko (D:1)
  3 bats (D:1)
  2 giant cockroaches
  4 hobgoblins (D:1)
  3 jackals (D:2)
  A quokka (D:2)
  2 ball pythons (D:1)
  7 frilled lizards
  A kobold (D:1)
  3 rats (D:1)
30 creatures vanquished.

Notes
Turn   | Place    | Note
-------+----------+-------------------------------------------
     0 | Abyss:1  | Hybris the Hill Orc Abyssal Knight began the quest for the Orb.
     0 | Abyss:1  | Reached XP level 1. HP: 19/19 MP: 2/2
    54 | Abyss:1  | Noticed a freezing wraith
    55 | D:1      | Escaped the Abyss
   159 | D:1      | Reached XP level 2. HP: 6/26 MP: 3/3
   162 | D:1      | Reached * piety under Lugonu
   162 | D:1      | Reached skill level 3 in Polearms
   964 | D:1      | Reached XP level 3. HP: 31/31 MP: 4/4
  1205 | D:2      | Reached skill level 4 in Polearms
  1433 | D:2      | Noticed Natasha
  1440 | D:2      | Slain by Natasha

Skill      XL: |  1  2  3 |
---------------+----------+-----
Polearms       | 3 4 |  4.1
Fighting       | |  3.6
Armour         | |  2.1
Dodging        | |  0.7
Invocations    | |  2.4

Action                   || total
-------------------------++-------
Melee: Spear             ||   126
Invok: Depart the Abyss  ||     1
  Use: Potion            ||     1
  Eat: Chunk             ||     2
Armor: Leather armour    ||    24
Dodge: Dodged            ||    67
